 Dungeon Crawl Stone Soup version 0.20-a0-517-g5f97612 (webtiles) character file.

199 Ijustatesigmund the Magician (level 5, -12/24 HPs)
             Began as a Spriggan Wizard on Jan 24, 2017.
             Killed by divine providence
             ... invoked by an orc priest
              (15 damage)
             ... on level 3 of the Dungeon.
             The game lasted 00:13:41 (4973 turns).

Ijustatesigmund the Magician (Spriggan Wizard)      Turns: 4973, Time: 00:13:42

Health: -12/24     AC:  3    Str:  3    XL:     5   Next: 48%
Magic:  9/13       EV: 20    Int: 20    God:
Gold:   251        SH:  0    Dex: 15    Spells: 9/14 levels left

rFire    . . .     SeeInvis +   i - +0 short sword
rCold    . . .     Gourm    .   a - +0 robe
rNeg     . . .     Faith    .   (shield restricted)
rPois    .         Spirit   .   b - +0 hat
rElec    .         Reflect  .   h - +0 cloak
rCorr    .         Harm     .   (gloves unavailable)
MR       .....                  (boots unavailable)
Stlth    +++.......             (no amulet)
Regen    0.1/turn               (no ring)
                                (no ring)

@: repel missiles, very quick
A: unfitting armour, see invisible, herbivore 3, speed 3, slow metabolism 2
a: no special abilities


You were on level 3 of the Dungeon.
You were not hungry.

You visited 1 branch of the dungeon, and saw 4 of its levels.

You collected 251 gold pieces.

Inventory:

Hand Weapons
 i - a +0 short sword (weapon)
 o - a +0 blowgun
Missiles
 n - 4 poisoned needles
Armour
 a - a +0 robe (worn)
 b - a +0 hat (worn)
 h - a +0 cloak (worn)
Scrolls
 p - 2 scrolls of remove curse
Potions
 e - a potion of curing
 f - 2 potions of mutation
 k - 2 potions of flight {unknown}
 l - a potion of brilliance
 m - a potion of invisibility
Books
 c - a book of Minor Magic

   Spells                             Type                      Level
   a - Magic Dart                     Conjuration                  1
   b - Blink                          Translocation                2
   c - Call Imp                       Summoning                    2
   d - Repel Missiles                 Charms/Air                   2
   e - Slow                           Hexes                        2
   f - Conjure Flame                  Conjuration/Fire             3
   g - Mephitic Cloud                 Conjuration/Poison/Air       3
Comestibles
 d - 2 bread rations
 j - 2 royal jellies


   Skills:
 - Level 2.1 Short Blades
 + Level 4.7 Dodging
 - Level 4.0 Stealth
 - Level 5.0 Spellcasting
 + Level 1.4 Conjurations
 - Level 2.2 Charms
   Level 0.7 Summonings
 - Level 2.3 Translocations


You had 9 spell levels left.
You knew the following spells:

 Your Spells              Type           Power        Failure   Level  Hunger
a - Magic Dart            Conj           ##..         10%         1    None
b - Blink                 Tloc           N/A          10%         2    None
c - Repel Missiles        Chrm/Air       #.....       14%         2    None


Dungeon Overview and Level Annotations

Branches:
Dungeon (4/15)
 Temple: D:4-7

Altars:

Annotations:
D:2 Robin
D:4 Blork the orc, Dowan, Duvessa


Innate Abilities, Weirdness & Mutations

You are very small and have problems with some larger weapons.
You are too small for most types of armour.
You have supernaturally acute eyesight. (SInv)
You are a herbivore.
You cover ground extremely quickly.
You need consume almost no food.


Message History

i - a +0 short sword (weapon)
You hit the orc priest but do no damage.
The orc priest is heavily wounded.
The orc priest mumbles some strange prayers to Beogh against you.
Beogh smites you!
Ouch! That really hurt!
* * * LOW HITPOINT WARNING * * *
You are too injured to fight recklessly!
You are too injured to fight recklessly!
Casting: Magic Dart
Confirm with . or Enter, or press ? or * to list all spells.
Aiming: Magic Dart
Press: ? - help, Shift-Dir - straight line, f/p - orc priest
Aim: an orc priest, wielding a hand axe of flaming and wearing a ring mail (severely wounded, poisoned)
The magic dart hits the orc priest.
The orc priest is almost dead.
The orc priest calls down the wrath of Beogh upon you.
Beogh smites you!
Ouch! That really hurt!
You die...

### #.######## #........#
#.######.# #####.######.######
....#.....##....@.# ##
....#.......#####.##############.
....#..........#.o............##.
....#.......##.#((####........##.
....#.......##.#..####........###
.......#######.#...............##
.......# #...#.#####...#####...
.......# #.........#.........##
#.###### #...#.###.#..#.##.#.##


You could see an orc priest.

Vanquished Creatures
  An orc priest (D:3)
  A hound (D:3)
  An orc wizard (D:3)
  A hound zombie (D:2)
  3 adders
  An ooze (D:3)
  3 leopard geckos
  4 orcs (D:3)
  8 bats
  5 giant cockroaches
  8 goblins
  4 hobgoblins (D:2)
  4 jackals (D:2)
  7 kobolds
  A quokka (D:2)
  2 frilled lizards
  9 rats
63 creatures vanquished.

Notes
Turn   | Place    | Note
-------+----------+-------------------------------------------
     0 | D:1      | Ijustatesigmund the Spriggan Wizard began the quest for the Orb.
     0 | D:1      | Reached XP level 1. HP: 9/9 MP: 6/6
   762 | D:2      | Reached XP level 2. HP: 13/13 MP: 2/8
  1074 | D:2      | Reached skill level 1 in Short Blades
  1156 | D:2      | Learned a level 2 spell: Blink
  1159 | D:2      | Learned a level 2 spell: Repel Missiles
  1496 | D:2      | Reached XP level 3. HP: 16/16 MP: 3/10
  1753 | D:2      | Noticed Robin
  1889 | D:3      | Reached skill level 5 in Spellcasting
  1889 | D:3      | Reached XP level 4. HP: 12/21 MP: 9/12
  2284 | D:3      | Reached skill level 1 in Charms
  3907 | D:4      | Noticed Dowan
  3908 | D:4      | Noticed Duvessa
  3910 | D:4      | Noticed Blork the orc
  4201 | D:3      | Reached skill level 1 in Conjurations
  4201 | D:3      | Reached XP level 5. HP: 6/24 MP: 5/13
  4973 | D:3      | Killed from afar by an orc priest

Vault maps used:
D:1:      dpeg_arrival_signposts
D:2:      st_stairs_3, uniq_robin
D:4:      chequers_temple_overflow_minitemple, first_bread, uniq_edmund,
          uniq_blork_the_orc, uniq_duvessa

Skill      XL: |  1  2  3  4 |
---------------+-------------+-----
Short Blades   | 1 2 |  2.1
Spellcasting   | 5 |  5.0
Translocations | 2 |  2.3
Stealth        | 4 |  4.0
Charms         | 2 |  2.2
Dodging        | 4 |  4.7
Conjurations   | 1 |  1.4
Summonings     | |  0.7

Action                   |  1- 3 |  4- 6 || total
-------------------------+-------+-------++-------
Melee: Short sword       |     6 |    18 ||    24
 Fire: Blowgun           |       |     4 ||     4
 Cast: Magic Dart        |    85 |   165 ||   250
       Blink             |     1 |       ||     1
       Repel Missiles    |       |     1 ||     1
  Use: Scroll            |     4 |     4 ||     8
 Stab: Sleeping          |     1 |       ||     1
  Eat: Royal jelly       |       |     1 ||     1
Armor: Robe              |     5 |     8 ||    13
Dodge: Dodged            |    29 |    59 ||    88
       Deflected         |       |     1 ||     1
